AoeStats
← Hawk9710

Black Forest

510307322Analyzed
2v2 RM · 2d ago on Sep 30, 2026· 37m 4s· 4 players
Game mode
Random Map
Map size
Medium (4 player)
Population
200
Speed
Normal
Resources
Standard
Victory
Conquest
Starting age
Dark Age
Ending age
Imperial Age
RankedLock teamsTeams togetherTeam positionsShared explorationLock speedFull tech treeHidden civsTurbo modeCheats
Victory
Defeat
🇦🇺 Saxons · Australia
1067
+18
🇦🇺 Vikings · Australia
1030
+20
🇩🇪 Poles · Germany
1122
-19
🇺🇸 Danes · United States
1114
-19
Acadia744
9:17 Loom
11:02 Feudal Age
16:18 Castle Age
16:04 Fletching
18:58 Double-Bit Axe
20:27 Wheelbarrow
22:35 Horse Collar
24:28 Town Watch
25:34 Squires
25:19 Gambesons
25:50 Bodkin Arrow
26:37 Gold Mining
27:46 Ballistics
28:49 Bow Saw
31:56 Imperial Age
30:39 Scale Mail Armor
31:14 Arson
32:53 Masonry
32:15 Capped Ram
32:54 Onager
MagnificentBaby
0:29 Loom
11:26 Feudal Age
16:06 Castle Age
FlankTank
11:14 Feudal Age
11:59 Double-Bit Axe
12:29 Horse Collar
16:58 Castle Age
17:41 Heavy Plow
17:51 Bow Saw
17:43 Crossbowman
19:00 Loom
20:55 Fletching
22:35 Padded Archer Armor
24:18 Bodkin Arrow
26:00 Wheelbarrow
26:50 Leather Archer Armor
28:11 Hand Cart
27:42 Town Watch
28:22 Hand Cart
31:53 Imperial Age
29:58 Squires
29:50 Gambesons
29:26 Man-at-Arms
30:10 Scale Mail Armor
30:20 Forging
30:32 Gold Mining
30:33 Stone Mining
30:11 Long Swordsman
30:38 Arson
31:11 Chain Mail Armor
31:58 Redemption
32:31 Iron Casting
33:27 Ballistics
34:17 Chemistry
33:28 Masonry
33:17 Murder Holes
33:36 Masonry
33:55 Conscription
33:39 Bracer
33:02 Two-Handed Swordsman
33:49 Thumb Ring
34:04 Town Watch
33:51 Shield Wall
34:07 Champion
35:26 Plate Mail Armor
35:44 Gold Shaft Mining
35:08 Arbalester
Hawk9710
5:30 Loom
11:44 Feudal Age
11:55 Man-at-Arms
12:41 Double-Bit Axe
12:56 Arson
15:34 Forging
15:25 Scale Mail Armor
21:32 Castle Age
21:53 Horse Collar
22:03 Town Watch
22:48 Stone Mining
22:50 Gold Mining
23:13 Bow Saw
23:05 Heavy Plow
25:13 Long Swordsman
25:54 Squires
26:14 Chain Mail Armor
26:35 Iron Casting
35:46 Imperial Age
35:32 Chieftains
37:44 Blast Furnace
37:15 Plate Mail Armor
36:07 Two-Handed Swordsman
36:57 Champion
Connection lost

Rejoining the realm…

Still unreachable

The connection could not be restored.

Session expired

The server has moved on; the page needs a fresh start.